AoeStats
← argentineau

African Clearing

510616741Analyzed
4v4 RM · 1d ago on Oct 1, 2026· 65m 58s· 8 players
Game mode
Random Map
Map size
Large (8 player)
Population
200
Speed
Normal
Resources
Standard
Victory
Conquest
Starting age
Dark Age
Ending age
Imperial Age
RankedLock teamsTeams togetherTeam positionsShared explorationLock speedFull tech treeHidden civsTurbo modeCheats
Victory
Defeat
🇬🇧 Shu · United Kingdom
1132
+13
🇩🇪 Aztecs · Germany
1113
+14
🇬🇧 Sicilians · United Kingdom
1103
+14
🇹🇷 Huns · Türkiye
1069
+15
🇨🇱 Slavs · Chile
1085
-16
🇲🇽 Burgundians · Mexico
1072
-14
🇲🇽 Koreans · Mexico
1044
-13
🇦🇷 Goths · Argentina
1040
-13
Kebabs&Roses
9:27 Loom
14:22 Feudal Age
15:45 Double-Bit Axe
16:19 Stone Mining
18:41 Castle Age
16:36 Fishing Lines
17:54 Fletching
18:26 Gold Mining
23:41 Scale Barding Armor
26:01 Wheelbarrow
25:57 Forging
26:02 Gillnets
30:25 Hand Cart
33:26 Bloodlines
34:31 Chain Barding Armor
35:47 Bodkin Arrow
37:08 Husbandry
37:46 Iron Casting
40:28 Gold Shaft Mining
40:19 Horse Collar
40:54 Bow Saw
40:15 Light Cavalry
47:29 Imperial Age
47:38 Hussar
49:30 Plate Barding Armor
49:57 Blast Furnace
49:20 Conscription
48:27 Elite Tarkan
52:30 Marauders
60:23 Ballistics
61:04 Chemistry
60:00 Murder Holes
62:37 Town Watch
wildknife_77
15:01 Feudal Age
14:53 Loom
21:03 Castle Age
19:07 Fishing Lines
20:04 Fletching
32:22 Wheelbarrow
31:35 Town Watch
37:35 Fervor
39:39 Double-Bit Axe
41:11 Arson
41:28 Squires
40:48 Eagle Warrior
46:40 Scale Mail Armor
47:55 Forging
48:00 Horse Collar
50:52 Gillnets
58:22 Imperial Age
56:07 Hand Cart
55:53 Town Patrol
56:27 Bow Saw
57:29 Gold Mining
57:29 Stone Mining
59:08 Elite Eagle Warrior
60:26 Garland Wars
59:27 Elite Jaguar Warrior
60:47 Iron Casting
60:27 Chain Mail Armor
60:41 Capped Ram
62:14 Heavy Plow
65:37 Conscription
Justaerin
4:03 Loom
14:50 Feudal Age
15:18 Double-Bit Axe
15:16 Horse Collar
15:30 Gold Mining
16:06 Stone Mining
17:10 Scale Mail Armor
23:00 Castle Age
21:02 Arson
22:10 Forging
23:55 Bow Saw
23:48 Heavy Plow
24:26 Wheelbarrow
24:00 Squires
29:56 Coiled Serpent Array
34:33 Chain Mail Armor
37:38 Gold Shaft Mining
56:32 Hand Cart
58:50 Imperial Age
56:53 Hand Cart
58:53 Elite White Feather Guard
59:56 Conscription
60:11 Plate Mail Armor
61:51 Two-Man Saw
62:38 Fletching
64:31 Thumb Ring
63:46 Crossbowman
64:29 Bodkin Arrow
Creedling
13:39 Feudal Age
15:13 Wheelbarrow
14:27 Double-Bit Axe
14:40 Horse Collar
15:28 Stone Mining
22:33 Gold Mining
26:30 Castle Age
30:42 Scale Mail Armor
30:53 Forging
33:25 Heavy Plow
34:20 Forging
35:19 Bow Saw
38:06 Pikeman
39:44 Chain Mail Armor
40:41 Hand Cart
42:48 Iron Casting
42:04 Fletching
45:40 Bodkin Arrow
48:42 Husbandry
54:36 Imperial Age
54:02 Scale Barding Armor
55:26 Cavalier
56:17 Bloodlines
64:00 Elite Serjeant
64:06 Halberdier
67:07 Plate Mail Armor
victor_mv7
5:52 Loom
14:02 Feudal Age
13:34 Double-Bit Axe
14:46 Wheelbarrow
15:09 Horse Collar
16:18 Bow Saw
19:59 Heavy Plow
22:35 Castle Age
21:07 Gold Mining
22:48 Gold Shaft Mining
22:45 Scale Barding Armor
22:38 Cavalier
24:11 Husbandry
25:28 Forging
27:51 Hand Cart
33:57 Stone Mining
34:07 Fletching
36:17 Stone Shaft Mining
38:52 Bodkin Arrow
38:20 Crossbowman
40:17 Padded Archer Armor
44:17 Leather Archer Armor
46:22 Ballistics
47:54 Two-Man Saw
50:29 Iron Casting
61:20 Crop Rotation
64:31 Imperial Age
66:16 Chemistry
Rey de Copas
8:21 Loom
15:10 Feudal Age
19:29 Castle Age
17:39 Double-Bit Axe
17:58 Horse Collar
19:06 Fletching
21:21 Bodkin Arrow
25:29 Ballistics
32:29 Wheelbarrow
35:58 Husbandry
36:21 Eupseong
43:51 Imperial Age
43:10 Scale Barding Armor
45:09 Conscription
44:52 Bracer
45:13 Chain Barding Armor
44:52 Elite War Wagon
47:52 Chemistry
argentineau
5:45 Loom
15:21 Feudal Age
15:52 Double-Bit Axe
18:14 Scale Mail Armor
17:42 Man-at-Arms
21:33 Castle Age
26:55 Pikeman
44:07 Wheelbarrow
45:03 Horse Collar
48:43 Bow Saw
49:51 Heavy Plow
59:41 Chain Mail Armor
60:46 Hand Cart
EL PAJA
6:49 Loom
14:32 Feudal Age
20:42 Castle Age
18:36 Man-at-Arms
19:40 Stone Mining
19:40 Gold Mining
21:13 Forging
23:04 Squires
22:38 Long Swordsman
32:31 Wheelbarrow
34:23 Horse Collar
35:01 Squires
38:03 Iron Casting
37:28 Scale Mail Armor
43:45 Imperial Age
43:47 Two-Handed Swordsman
44:12 Capped Ram
48:26 Heavy Plow
49:02 Champion
51:15 Chain Mail Armor
52:01 Blast Furnace
54:08 Hand Cart
53:38 Town Watch
54:52 Pikeman
55:29 Halberdier
57:13 Druzhina
Connection lost

Rejoining the realm…

Still unreachable

The connection could not be restored.

Session expired

The server has moved on; the page needs a fresh start.